 Dungeon Crawl Stone Soup version 0.27-a0-170-g607d9e9d85 (webtiles) character file.

Game seed: 1415426660498443068

414 sanka the Covert (level 6, 0/28 HPs)
             Began as a Spriggan Enchanter on Jan 28, 2021.
             Slain by an orc wizard
             ... wielding a +0 dagger
              (2 damage)
             ... on level 4 of the Dungeon.
             The game lasted 00:07:52 (4885 turns).

sanka the Covert (Spriggan Enchanter)               Turns: 4885, Time: 00:07:52

Health: 0/28       AC:  3    Str:  4    XL:     6   Next: 60%
Magic:  12/20      EV: 18    Int: 18    God:
Gold:   291        SH:  0    Dex: 17    Spells: 5/11 levels left

rFire    . . .     SeeInvis +   a - +1 dagger
rCold    . . .     Faith    .   (shield restricted)
rNeg     . . .     Spirit   .   b - +0 robe
rPois    .         Reflect  .   n - +1 hat
rElec    .         Harm     .   g - scarf {shadows}
rCorr    .         Rampage  .   (gloves unavailable)
Will     +....                  (boots unavailable)
Stlth    ++++......             (no amulet)
HPRegen  0.09/turn              (no ring)
MPRegen  0.17/turn              i - ring of magical power

@: very quick
A: very small, unfitting armour, see invisible, speed 3
a: no special abilities


You were on level 4 of the Dungeon.
You visited 1 branch of the dungeon, and saw 4 of its levels.

You collected 291 gold pieces.


Innate Abilities, Weirdness & Mutations

You are very small and have problems with some larger weapons.
You are too small for most types of armour.
You have supernaturally acute eyesight. (SInv)
You cover ground extremely quickly.


   Skills:
 - Level 5.0 Short Blades
 - Level 3.0 Dodging
 - Level 8.0 Stealth
 - Level 3.0 Spellcasting
 + Level 4.9 Hexes


You had 5 spell levels left.
You knew the following spells:

 Your Spells              Type           Power        Failure   Level
z - Ensorcelled Hibernat  Hex/Ice        22%          9%          2
X - Confusing Touch       Hex            20%          6%          3
Z - Corona                Hex            22%          2%          1

Your spell library contained the following spells:

 Spells                   Type           Power        Failure   Level
 Slow                     Hex            20%          3%          2
 Tukima's Dance           Hex            20%          6%          3
 Magic Dart               Conj           8%           16%         1
 Dazzling Flash           Conj/Hex       22%          19%         3
 Blink                    Tloc           N/A          24%         2
 Call Imp                 Summ           2%           24%         2
 Conjure Flame            Conj/Fire      2%           43%         3
 Mephitic Cloud           Conj/Pois/Air  2%           43%         3

Inventory:

Hand Weapons
 a - a +1 dagger (weapon)
Armour
 b - a +0 robe (worn)
 e - a +1 cloak
 g - a scarf of shadows (worn)
 n - a +1 hat (worn)
Jewellery
 i - a ring of magical power (right hand)
Scrolls
 c - 5 scrolls of remove curse {unknown}
 h - a scroll of identify {unknown}
 j - 2 scrolls of enchant armour {unknown}
 m - 3 scrolls of fog {unknown}
 r - 2 scrolls of fear {unknown}
Potions
 d - 2 potions of heal wounds {unknown}
 f - 2 potions of might {unknown}
 k - a potion of haste {unknown}
 l - 3 potions of curing {unknown}
 o - a potion of degeneration {unknown}
 p - 2 potions of ambrosia {unknown}
 q - a potion of brilliance {unknown}

Dungeon Overview and Level Annotations

Branches:
Dungeon (4/15)
 Temple: D:4-7

Altars:
Kikubaaqudgha
Trog
Uskayaw
Xom
The Shining One

▒▒..▒▒ ▒▒▒.....................
▒▒..▒▒▒▒▒.......................
▒▒..▒▒▒▒......................▒▒.
▒..▒...>.............▒▒.......▒▒▒
.............[...▒▒▒▒▒▒▒▒....▒▒ ▒
...............▒▒▒ ▒▒▒▒.▒ ▒
.........▒▒▒▒▒[▒▒▒▒▒▒ ▒▒▒ ▒
.....▒▒▒▒▒ ▒.▒▒...▒▒▒▒ ▒▒ ..▒▒▒▒
▒.oi......▒▒ ▒▒. ▒▒▒ ▒▒._.......▒
▒.. ▒..........▒▒▒ ▒▒..
▒....8.......▒ ▒...
▒.......#....▒ ▒...
▒......_...).▒ ▒..▒
▒............▒▒▒▒.▒▒
▒......▒▒....o.▒▒▒▒▒
▒▒.....▒▒▒▒▒▒....).▒


You could see an orc wizard (fast).


Message History

Aim: an orc, wielding a +0 trident and wearing a +0 ring mail (chance to affect: 60%)
The orc resists with significant effort.
The orc misses you. The orc wizard misses you.
Aiming: Ensorcelled Hibernation (safe; 9% risk of failure)
Aim: an orc, wielding a +0 trident and wearing a +0 ring mail (chance to affect: 60%)
The orc resists with significant effort.
The orc wizard points at you and mumbles some strange words.
The magic dart hits you. The orc closely misses you.
The orc wizard completely misses you.
Aiming: Ensorcelled Hibernation (safe; 9% risk of failure)
Aim: an orc, wielding a +0 trident and wearing a +0 ring mail (chance to affect: 60%)
You miscast Ensorcelled Hibernation.
You are very lightly contaminated with residual magic.
Nothing appears to happen.
The orc wizard casts a spell at you. The magic dart hits you!
* * * LOW HITPOINT WARNING * * *
The orc completely misses you. The orc completely misses you.
The orc wizard gestures at you while chanting.
The magic dart hits you.
* * * LOW HITPOINT WARNING * * *
You see here a falchion.
Your magical contamination has completely faded away.
The orc wizard mumbles some strange words.
The orc wizard blinks!
The orc wizard hits you with a +0 dagger.
You die...

Action                   |  1- 3 |  4- 6 || total
-------------------------+-------+-------++-------
Melee: Dagger            |   102 |    68 ||   170
 Cast: Corona            |     7 |       ||     7
       Ensorcelled Hiber |    31 |    66 ||    97
       Confusing Touch   |       |     1 ||     1
 Stab: Sleeping          |    30 |    31 ||    61
       Distracted        |       |     2 ||     2
       Confused          |       |     1 ||     1
Armor: Robe              |     8 |    15 ||    23
Dodge: Dodged            |    69 |    84 ||   153

Levels and vault maps discovered:
D:1:      minmay_arrival_three_doors, layout_basic, minivault_24
D:2:      layout_loops_ring, tso_altar
D:3:      layout_basic, kiku_gazebo_pond_becter, portal_sewer_entry_d,
          kennysheep_nondescript, trog_book
D:4:      layout_cave_pods, grunt_dithmenos_smoke_and_mirrors,
          grunt_temple_overflow_open, st_stairs_8, uniq_natasha

Notes
Turn   | Place    | Note
-------+----------+-------------------------------------------
     0 | D:1      | sanka the Spriggan Enchanter began the quest for the Orb.
     0 | D:1      | Reached XP level 1. HP: 9/9 MP: 5/5
   426 | D:1      | Reached skill level 5 in Stealth
   603 | D:1      | Reached XP level 2. HP: 10/13 MP: 6/6
   836 | D:1      | Learned a level 2 spell: Ensorcelled Hibernation
   914 | D:1      | Reached skill level 6 in Stealth
  1468 | D:2      | Reached XP level 3. HP: 13/16 MP: 8/8
  2049 | D:2      | Found a glowing golden altar of the Shining One.
  2539 | D:2      | Reached skill level 7 in Stealth
  2555 | D:2      | Learned a level 3 spell: Confusing Touch
  2829 | D:3      | Found an ancient bone altar of Kikubaaqudgha.
  2865 | D:3      | Reached XP level 4. HP: 20/21 MP: 8/9
  3125 | D:2      | Reached skill level 8 in Stealth
  3223 | D:2      | Reached skill level 2 in Short Blades
  3488 | D:3      | Reached XP level 5. HP: 20/24 MP: 10/10
  3583 | D:3      | Reached skill level 3 in Short Blades
  3904 | D:3      | Found a bloodstained altar of Trog.
  4135 | D:4      | Noticed an ogre
  4141 | D:4      | Killed an ogre
  4142 | D:4      | Reached skill level 4 in Short Blades
  4153 | D:4      | Reached XP level 6. HP: 21/28 MP: 11/11
  4278 | D:4      | Found a shimmering altar of Xom.
  4285 | D:4      | Reached skill level 5 in Short Blades
  4612 | D:4      | Found a hide-covered altar of Uskayaw.
  4644 | D:4      | Reached skill level 3 in Spellcasting
  4783 | D:4      | Reached skill level 4 in Hexes
  4875 | D:4      | HP: 2/28 [orc wizard/magic dart (4)]
  4885 | D:4      | Slain by an orc wizard

Vanquished Creatures
  2 ogres (D:4)
  An orc priest (D:3)
  2 orc wizards
  A worker ant (D:4)
  3 adders
  An ooze (D:2)
  A worm (D:3)
  5 dart slugs
  3 leopard geckos
  15 orcs
  3 ball pythons
  5 giant cockroaches
  5 goblins
  5 hobgoblins
  4 jackals (D:4)
  5 kobolds
  2 quokkas
  3 bats (D:1)
  6 frilled lizards
  A leopard gecko skeleton (D:2)
  10 rats
83 creatures vanquished.
